 Dungeon Crawl Stone Soup version 0.26.1-11-gd32895ea62 (webtiles) character file.

Game seed: 16341678288180444156

139 nothank2 the Changer (level 5, 0/37 HPs)
             Began as a Demonspawn Transmuter on June 24, 2021.
             Succumbed to a killer bee's poison
             ... on level 3 of the Dungeon.
             The game lasted 00:08:23 (4720 turns).

nothank2 the Changer (Demonspawn Transmuter)        Turns: 4720, Time: 00:08:23

Health: 0/37       AC:  3    Str: 11    XL:     5   Next: 1%
Magic:  2/9        EV: 12    Int: 15    God:
Gold:   87         SH:  0    Dex: 13    Spells: 6/10 levels left

rFire    . . .     SeeInvis .   i - +0 dagger
rCold    . . .     Faith    .   (no shield)
rNeg     . . .     Spirit   +   a - +1 robe
rPois    .         Reflect  .   (helmet restricted)
rElec    .         Harm     .   (no cloak)
rCorr    .         Rampage  .   (no gloves)
Will     .....                  (no boots)
Stlth    +.........             (no amulet)
HPRegen  0.12/turn              (no ring)
MPRegen  0.11/turn              (no ring)

@: lethally poisoned (0 -> -8)
A: horns 1, powered by pain 1, magic shield
a: no special abilities


You were on level 3 of the Dungeon.
You visited 1 branch of the dungeon, and saw 3 of its levels.

You collected 87 gold pieces.

Inventory:

Hand Weapons
 i - a +0 dagger (weapon)
Armour
 a - a +1 robe (worn)
 c - a +0 buckler
Scrolls
 d - a scroll of remove curse {unknown}
 e - 4 scrolls of identify {unknown}
 f - 2 scrolls of noise {unknown}
 g - 2 scrolls of teleportation {unknown}
 h - a scroll of enchant weapon {unknown}
 j - a scroll of immolation {unknown}
 l - a scroll of blinking {unknown}


   Skills:
 - Level 1.0 Fighting
 - Level 1.0 Short Blades
 - Level 1.7 Dodging
 - Level 2.6 Unarmed Combat
 - Level 3.3 Spellcasting
 + Level 3.6 Transmutations


You had 6 spell levels left.
You knew the following spells:

 Your Spells              Type           Power        Failure   Level
a - Beastly Appendage     Tmut           26%          4%          1
b - Spider Form           Tmut/Pois      4%           26%         3

Your spell library contained the following spells:

 Spells                   Type           Power        Failure   Level
 Wereblood                Tmut           13%          6%          2
 Ice Form                 Ice/Tmut       8%           65%         4
 Blade Hands              Tmut           6%           75%         5


Dungeon Overview and Level Annotations

Branches:
Dungeon (3/15)

Altars:
Hepliaklqana
Okawaru


Innate Abilities, Weirdness & Mutations

You sometimes gain a little power by taking damage.
When hurt, damage is shared between your health and your magic reserves.
You have a pair of small horns on your head.


Message History

You hit the killer bee.
The killer bee is moderately wounded.
You feel sick. The killer bee stings you!
* * * LOW HITPOINT WARNING * * *
The killer bee stings you.
* * * LOW HITPOINT WARNING * * *
* * * LOW HITPOINT WARNING * * *
You feel sick. The killer bee barely misses you.
Things that are here:
a +0 short sword; 2 stones
* * * LOW HITPOINT WARNING * * *
You feel sick. The killer bee closely misses you.
* * * LOW HITPOINT WARNING * * *
You feel sick. The killer bee stings you.
* * * LOW HITPOINT WARNING * * *
You see here a stone.
* * * LOW HITPOINT WARNING * * *
You feel sick. The killer bee stings you.
* * * LOW HITPOINT WARNING * * *
You die...

###....#####.#.#
<...... #)#.# # .......
#.#.#####.# ....#..
#)#.......#.
....#..###.#h#.........
... #....h...(.........
#h###.###y#######.
#.#.y.......# #
#.#@#####.# #.#<#
#.#.####### #.#........
#.#.####### #.#<.
#.#... #.#.### #.#..


You could see 2 killer bees.

Vanquished Creatures
  Robin (D:2)
  A gnoll (D:2)
  6 adders
  An ooze (D:1)
  A worm (D:2)
  2 dart slugs (D:1)
  A leopard gecko (D:2)
  An orc (D:2)
  4 bats
  2 giant cockroaches
  8 hobgoblins
  A jackal (D:2)
  2 quokkas
  3 frilled lizards
  11 goblins
  6 kobolds
  3 rats (D:2)
54 creatures vanquished.

Notes
Turn   | Place    | Note
-------+----------+-------------------------------------------
     0 | D:1      | nothank2 the Demonspawn Transmuter began the quest for the
                  | Orb.
     0 | D:1      | Reached XP level 1. HP: 15/15 MP: 3/3
   294 | D:1      | Gained mutation: You sometimes gain a little power by
                  | taking damage. [demonic ancestry]
   294 | D:1      | Reached XP level 2. HP: 16/21 MP: 5/5
  1542 | D:2      | Reached XP level 3. HP: 20/26 MP: 4/7
  1681 | D:2      | Noticed Robin
  2015 | D:1      | Learned a level 3 spell: Spider Form
  2441 | D:2      | Found a hazy altar of Hepliaklqana.
  2789 | D:2      | Found an iron altar of Okawaru.
  2823 | D:2      | Gained mutation: When hurt, damage is shared between your
                  | health and your magic reserves. [demonic ancestry]
  2823 | D:2      | Reached XP level 4. HP: 26/32 MP: 6/8
  2953 | D:2      | Gained mutation: You have a pair of large horns on your
                  | head. [potion of mutation]
  3286 | D:2      | Reached skill level 1 in Short Blades
  3685 | D:2      | Killed Robin
  4543 | D:2      | Reached XP level 5. HP: 24/37 MP: 4/9
  4718 | D:3      | HP: 1/37 [killer bee (4)]
  4720 | D:3      | Succumbed to a killer bee's poison

Illustrated notes

Levels and vault maps discovered:
D:1:      dpeg_arrival_shelter, layout_basic
D:2:      layout_loops_corners, lemuel_round_altar, okawaru_altar_gauntlet_db,
          uniq_robin
D:3:      layout_basic

Skill      XL: |  1  2  3  4 |
---------------+-------------+-----
Transmutations | 2 3 |  3.6
Spellcasting   | 3 |  3.3
Short Blades   | 1 |  1.0
Fighting       | |  1.0
Dodging        | |  1.7
Unarmed Combat | |  2.6

Action                   |  1- 3 |  4- 6 || total
-------------------------+-------+-------++-------
Melee: Unarmed           |    28 |       ||    28
       Headbutt          |    11 |    10 ||    21
       Kick              |     7 |    16 ||    23
       Dagger            |    53 |   114 ||   167
       Punch             |     1 |       ||     1
 Cast: Beastly Appendage |    22 |    16 ||    38
  Use: Potion            |       |     5 ||     5
       Scroll            |       |     1 ||     1
 Stab: Sleeping          |       |     1 ||     1
Armor: Robe              |     6 |    14 ||    20
Dodge: Dodged            |    57 |    78 ||   135
